 Dungeon Crawl Stone Soup version 0.14-a0-2810-g474977d (webtiles) character file.

1482 RIDDIMRIDER the Shield-Bearer (level 8, -3/65 (68) HPs)
             Began as a Minotaur Fighter on Feb 25, 2014.
             Slain by Prince Ribbit (11 damage)
             ... on Level 6 of the Dungeon.
             The game lasted 00:45:54 (4800 turns).

RIDDIMRIDER the Shield-Bearer (Minotaur Fighter)    Turns: 4800, Time: 00:45:54

HP  -3/65 (68)   AC 14     Str 23      XL: 8   Next: 27%
MP   3/3         EV  5     Int  5      God:
Gold 217         SH 22     Dex 10      Spells:  0 memorised,  7 levels left

rFire  + . .     SeeInvis .     a - +0,-1 falchion
rCold  x . .     Clarity  .     s - +0 plate armour
rNeg   . . .     Conserve .     c - +0 shield
rPois  .         rCorr    .     (helmet restricted)
rElec  .         rRot     .     (no cloak)
SustAb . .       Spirit   .     (no gloves)
rMut   .         Warding  .     u - +0 pair of orc boots
Saprov . . .     Stasis   .     (no amulet)
MR     .....                    (no ring)
                                b - ring of fire

@: about to teleport, not resistant to hostile enchantments, extremely
unstealthy
A: retaliatory headbutt, horns 2
a: no special abilities


You were on level 6 of the Dungeon.
You were not hungry.

You visited 2 branches of the dungeon, and saw 6 of its levels.
You also visited: Sewer.

You collected 217 gold pieces.

Inventory:

Hand weapons
 a - a +0,-1 falchion (weapon)
 A - a +0,+0 bow
Missiles
 B - 7 arrows
Armour
 c - a +0 shield (worn)
 p - a +2 scale mail of cold resistance
 s - a +0 plate armour (worn)
 u - a +0 pair of orcish boots (worn)
 w - a +0 animal skin
Magical devices
 g - a wand of enslavement (15)
 n - a wand of fire (0)
 z - a wand of digging (13)
Comestibles
 d - 3 bread rations
 i - 3 meat rations
Scrolls
 e - 5 scrolls of identify {unknown}
 h - a scroll of remove curse {unknown}
 j - 2 scrolls of teleportation
 l - a scroll of magic mapping {unknown}
 o - 2 scrolls of amnesia {unknown}
 q - 2 scrolls of fear {unknown}
 r - 2 scrolls of recharging {unknown}
 t - 2 scrolls of enchant weapon I {unknown}
 y - a scroll of enchant armour {unknown}
Jewellery
 b - a ring of fire (left hand)
Potions
 k - 5 potions of flight
 m - 2 potions of curing
 v - a potion of lignification {unknown}
 x - a potion of heal wounds


   Skills:
 + Level 5.2 Fighting
 + Level 5.0 Long Blades
 + Level 6.5 Armour
 + Level 5.1 Dodging
 + Level 0.5 Stealth
 + Level 7.4 Shields


You had 7 spell levels left.
You didn't know any spells.

Dungeon Overview and Level Annotations

Branches:
Dungeon (6/16)             Temple (1/1) D:6

Altars:
Ashenzari
Cheibriados
Dithmenos
Elyvilon
Makhleb
Nemelex Xobeh
Sif Muna
Vehumet
Xom
Yredelemnul
Zin
The Shining One

Annotations:
D:6 Pikel, Prince Ribbit


Innate Abilities, Weirdness & Mutations

You reflexively headbutt those who attack you in melee.
You have a pair of horns on your head.


Message History

Prince Ribbit barely misses you.
The giant frog hits you but does no damage.
You block Prince Ribbit's attack.
You miss Prince Ribbit. You headbutt Prince Ribbit!
Prince Ribbit is moderately wounded.
You block the giant frog's attack.
The orc wizard mumbles some strange words.
The orc wizard blinks!
The giant frog hits you but does no damage.
Prince Ribbit hits you!
* * * LOW HITPOINT WARNING * * *
Read which item? (? for menu, Esc to quit)
As you read the scroll of teleportation, it crumbles to dust.
You feel strangely unstable. You block the giant frog's attack.
Prince Ribbit hits you!
* * * LOW HITPOINT WARNING * * *
You block the giant frog's attack.
The orc wizard gestures wildly while chanting.
The orc wizard blinks!
Prince Ribbit hits you!
You die...

.. #..................##. .#
#.....................
.###............ .............
..............o. ......K........
.............b.# #...##.........
.............ยง.# #...##.........
.........?....[####...##.........
..............)F.F...............
.............)..@................
.................................
.......####..........###.....K@..
####...# #....##....# #......@..
# #...# #....##....# #......%..
####...####..........# #......(..
.............<.......# #...####..
.........>...........# #...# ..
.......####...####...# #...# ..


You could see Prince Ribbit and a giant frog.

Vanquished Creatures
  Edmund (D:4)
  A necrophage (D:6)
  An ice beast (D:5)
  An ogre (D:5)
  A slave (D:6)
  A centaur (D:6)
  3 crimson imps
  A goliath beetle (D:5)
  2 hounds
  A jelly (D:5)
  An orc priest (D:6)
  An iguana (D:4)
  2 orc wizards (D:5)
  A mermaid (Sewer)
  6 worker ants
  A scorpion (D:6)
  4 gnolls
  3 green rats
  5 adders
  A worm (D:2)
  A giant eyeball (D:5)
  3 giant geckos
  8 orcs
  4 ball pythons (Sewer)
  7 bats
  8 giant cockroaches
  6 hobgoblins
  8 jackals
  A quokka (D:2)
  3 giant newts (D:1)
  6 goblins
  A goblin skeleton (D:4)
  A hobgoblin skeleton (D:6)
  14 kobolds
  An orc skeleton (D:5)
  16 rats
126 creatures vanquished.

Notes
Turn   | Place    | Note
--------------------------------------------------------------
     0 | D:1      | RIDDIMRIDER, the Minotaur Fighter, began the quest for the Orb.
     0 | D:1      | Reached XP level 1. HP: 19/19 MP: 1/1
   265 | D:1      | Reached skill level 4 in Shields
   268 | D:1      | Reached XP level 2. HP: 22/27 MP: 1/1
   811 | D:2      | Reached XP level 3. HP: 30/33 MP: 2/2
   916 | D:2      | Reached skill level 1 in Dodging
  1221 | D:2      | Reached XP level 4. HP: 18/40 MP: 2/2
  1407 | D:2      | You fall through a shaft!
  1594 | D:4      | Noticed Edmund
  1617 | D:4      | Reached skill level 5 in Shields
  1617 | D:4      | Reached XP level 5. HP: 21/46 MP: 2/2
  1643 | D:4      | Killed Edmund
  1643 | D:4      | Reached skill level 5 in Armour
  1646 | D:4      | Paralysed by a potion of paralysis for 5 turns
  1834 | D:4      | Reached XP level 6. HP: 37/52 MP: 3/3
  2133 | D:4      | Found a glowing drain.
  2178 | Sewer    | Entered a sewer
  2900 | D:5      | Entered Level 5 of the Dungeon
  2943 | D:5      | Reached XP level 7. HP: 28/60 MP: 3/3
  3159 | D:5      | Paralysed by a giant eyeball for 2 turns
  3299 | D:5      | Reached skill level 6 in Armour
  3683 | D:5      | Reached skill level 5 in Fighting
  3907 | D:6      | Noticed Pikel
  3919 | D:6      | Reached XP level 8. HP: 52/68 MP: 3/3
  4195 | D:6      | Reached skill level 5 in Long Blades
  4218 | D:6      | Found a staircase to the Ecumenical Temple.
  4299 | D:6      | Reached skill level 5 in Dodging
  4299 | D:6      | Reached skill level 7 in Shields
  4416 | Temple   | Entered the Ecumenical Temple
  4788 | D:6      | Noticed Prince Ribbit
  4800 | D:6      | Slain by Prince Ribbit

Action                   |  1- 3 |  4- 6 |  7- 9 || total
-------------------------+-------+-------+-------++-------
Melee: Falchion          |   131 |   216 |   232 ||   579
Evoke: Wand              |       |       |     2 ||     2
  Use: Potion            |       |     5 |       ||     5
       Scroll            |       |       |     4 ||     4
